 Dungeon Crawl Stone Soup version 0.28.0-43-g3370ac3207 (webtiles) character file.

Game seed: 15187387931572406923

16688 pkoi the Carver (level 12, -2/110 HPs)
             Began as a Hill Orc Monk on Mar 22, 2022.
             Was an Elder of Qazlal.
             Slain by a slime creature (11 damage)
             ... on level 12 of the Dungeon.
             The game lasted 00:22:04 (20193 turns).

pkoi the Carver (Hill Orc Monk)                    Turns: 20193, Time: 00:22:05

Health: -2/110     AC: 18    Str: 24    XL:     12   Next: 40%
Magic:  21/21      EV: 10    Int: 14    God:    Qazlal [****..]
Gold:   647        SH: 14    Dex: 13    Spells: 11/11 levels left

rFire   + + .      SeeInvis .   F - +8 lance "Wyrmbane" {slay drac, rPois rF+ rC+ AC+3}
rCold   + + +      Faith    .   c - +4 buckler of Jomotu {rElec Str+3}
rNeg    . . .      Spirit   .   v - +7 Kryia's mail coat {PotionHeal*2 rC+}
rPois   +          Reflect  .   (no helmet)
rElec   +          Harm     .   H - scarf {rC+ rF+}
rCorr   .          Rampage  .   g - +1 pair of gloves
Will    .....                   (no boots)
Stlth   ..........              (no amulet)
HPRegen 0.28/turn               z - +6 ring of strength
MPRegen 0.17/turn               M - ring of flight

@: flying, repel missiles
A: no striking features
a: Renounce Religion, Upheaval, Elemental Force


You were on level 12 of the Dungeon.
You worshipped Qazlal.
Qazlal was greatly pleased with you.
You visited 2 branches of the dungeon, and saw 13 of its levels.
You also visited: Sewer and Bailey.

You collected 647 gold pieces.

Inventory:

Hand Weapons
 a - a +1 falchion of electrocution
 h - the +10 flail "Curiuly" {flame, rCorr SInv}
   (You found it on level 3 of the Dungeon)

   It burns those it strikes, dealing additional fire damage.
   SInv:      It lets you see invisible.
   rCorr:     It protects you from acid and corrosion.
 q - a +4 short sword
 s - a +2 dagger of venom
 F - the +8 lance "Wyrmbane" (weapon) {slay drac, rPois rF+ rC+ AC+3}
   (You found it in a bailey)

   It inflicts extra damage against dragons and draconians.
   AC:        It affects your AC (+3).
   rF:        It protects you from fire.
   rC:        It protects you from cold.
   rPois:     It protects you from poison.
Missiles
 p - 44 poisoned darts (quivered)
 r - 2 curare-tipped darts
 u - 6 throwing nets
Armour
 c - the +4 buckler of Jomotu (worn) {rElec Str+3}
   (You acquired it on level 10 of the Dungeon)

   Str:       It affects your strength (+3).
   rElec:     It insulates you from electricity.
 g - a +1 pair of gloves (worn)
 v - the +7 Kryia's mail coat (worn) {PotionHeal*2 rC+}
   (You found it on level 4 of the Dungeon)

   Potions are twice as effective at healing its wearer.
   rC:        It protects you from cold.
 G - the +6 fire dragon scales of Perfidy {rF++ rC- Dex+4}
   (You found it in a bailey)

   Dex:       It affects your dexterity (+4).
   rF:        It greatly protects you from fire.
   rC:        It makes you vulnerable to cold.
 H - a scarf of resistance (worn)
Jewellery
 b - an amulet of faith
 z - a +6 ring of strength (left hand)
 M - a ring of flight (right hand)
Wands
 t - a wand of polymorph (8)
 x - a wand of digging (10)
 E - a wand of mindburst (5)
Scrolls
 k - 3 scrolls of teleportation
 w - a scroll of enchant weapon
 y - a scroll of brand weapon
 A - 2 scrolls of blinking
 C - 2 scrolls of identify
 D - a scroll of enchant armour
 I - a scroll of silence
 K - 2 scrolls of fear
 L - a scroll of magic mapping
Potions
 d - a potion of brilliance
 e - 2 potions of cancellation
 f - 2 potions of curing
 i - 4 potions of heal wounds
 j - 2 potions of degeneration
 l - a potion of invisibility
 m - 4 potions of might
 n - a potion of mutation
 o - 3 potions of haste
 B - 2 potions of magic
 J - a potion of berserk rage


   Skills:
 - Level 11.3 Fighting
 - Level 14.1 Long Blades
 * Level 7.2 Polearms
 - Level 2.4 Dodging
 - Level 1.5 Stealth
 + Level 4.1 Shields
 + Level 13.0 Invocations


You had 11 spell levels left.
You didn't know any spells.
Your spell library contained the following spells:

 Spells                   Type           Power      Damage    Failure   Level
 Apportation              Tloc           0%         N/A       69%         1
 Corpse Rot               Necr/Air       0%         N/A       83%         2
 Poisonous Vapours        Pois/Air       0%         N/A       83%         2
 Scorch                   Fire           0%         2d5       83%         2
 Static Discharge         Conj/Air       0%         N/A       83%         2
 Dazzling Flash           Conj/Hex       0%         N/A       96%         3
 Tukima's Dance           Hex            0%         N/A       96%         3
 Dispel Undead            Necr           0%         3d6       100%        4
 Flame Wave               Conj/Fire      0%         2d4       100%        4
 Iskenderun's Mystic Bla  Conj/Tloc      0%         2d3       100%        4
 Passage of Golubria      Tloc           0%         N/A       100%        4
 Sticky Flame             Conj/Fire      0%         2d3       100%        4
 Alistair's Intoxication  Tmut/Pois      0%         N/A       100%        5
 Lightning Bolt           Conj/Air       0%         1d11      100%        5
 Yara's Violent Unravell  Hex/Tmut       0%         3d3       100%        5
 Starburst                Conj/Fire      0%         6d3       100%        6
 Summon Cactus Giant      Summ           0%         N/A       100%        6
 Maxwell's Capacitive Co  Air            0%         ∞         100%        8


Dungeon Overview and Level Annotations

Branches:
Dungeon (12/15)            Temple (1/1) D:5            Lair (0/6) D:8
  Sewer (visited)          Bailey (visited)
    Orc: D:9-12

Altars:
Cheibriados
Dithmenos
Elyvilon
Fedhas
Gozag
Kikubaaqudgha
Makhleb
Nemelex Xobeh
Qazlal
Uskayaw
Vehumet
Wu Jian
Xom
Yredelemnul
The Shining One

Shops:
D:7 ?   D:10 (*

Annotations:
D:7 3 runed translucent doors, lonewolfV2's ghost, novice MiFi


Message History

The large slime creature hits you!!
* * * LOW HITPOINT WARNING * * *
Unknown command.
You barely miss the large slime creature.
The large slime creature is severely wounded.
The slime creature is engulfed in blazing flames.
The slime creature hits you!
* * * LOW HITPOINT WARNING * * *
Unknown command.
You puncture the large slime creature!
The large slime creature is severely wounded.
The large slime creature barely misses you.
The slime creature is engulfed in blazing flames.
The slime creature barely misses you.
Unknown command.
You barely miss the large slime creature.
The large slime creature is severely wounded.
You block the large slime creature's attack.
You block the slime creature's attack.
Unknown command.
You puncture the large slime creature!
The large slime creature is almost dead.
The large slime creature barely misses you.
The slime creature hits you but does no damage.
Unknown command.
You puncture the large slime creature!
The large slime creature is almost dead.
Unknown command.
You barely miss the large slime creature.
The large slime creature is almost dead.
You block the large slime creature's attack.
The slime creature hits you.
* * * LOW HITPOINT WARNING * * *
Unknown command.
You puncture the large slime creature!
The large slime creature is almost dead.
The large slime creature hits you!!
* * * LOW HITPOINT WARNING * * *
The slime creature hits you!
You die...

#... #... #...
#... #... ####...
......J#######.
#......°J@.......
#......☼..#######
#.........#
#.........#
#.........#
#.....##..#
#.....##..#
#.........#
#......#'######


You could see a large slime creature and a slime creature.

Vanquished Creatures
  A hydra (D:11)
  A boulder beetle (D:11)
  Pikel (D:5)
  A deep elf pyromancer (D:8)
  A manticore (D:11)
  A cyclops (D:10)
  2 gargoyles
  Maggie (D:6)
  A komodo dragon (D:7)
  3 trolls
  A slime creature (D:12)
  Prince Ribbit (D:6)
  Sigmund (D:4)
  3 vampires (Bailey)
  Eustachio (D:5)
  5 yaks
  A wyvern (D:9)
  3 steam dragons
  An acid dragon (D:8)
  2 water moccasins
  6 orc warriors
  2 ice beasts
  3 sky beasts
  A black bear (D:5)
  6 necrophages
  An ogre (D:7)
  2 wolves
  8 centaurs
  A phantom (D:4)
  4 bullfrogs
  7 kobold brigands
  A scorpion (D:6)
  8 gnoll sergeants
  A wyvern zombie (D:6)
  2 water moccasin skeletons
  15 killer bees
  6 howler monkeys
  21 wights
  4 electric eels
  6 vampire bats (Bailey)
  8 wolf zombies (Bailey)
  A bullfrog zombie (D:6)
  A jelly (D:4)
  10 centaur zombies
  9 hounds
  4 gnoll shamans (D:8)
  4 orc priests
  Crazy Yiuf (D:4)
  2 bullfrog skeletons
  Jessica (D:3)
  4 iguanas
  9 orc wizards
  2 scorpion zombies (D:5)
  A killer bee zombie (D:8)
  3 mummies (D:10)
  Robin (D:2)
  4 howler monkey zombies
  10 adders
  47 gnolls
  7 river rats (Sewer)
  A shadow imp (D:6)
  2 white imps
  2 ufetubi
  An adder skeleton (D:4)
  3 worms (D:3)
  2 dart slugs
  24 orcs
  7 ball pythons
  3 bats (D:2)
  2 endoplasms
  2 giant cockroaches
  16 goblins
  8 hobgoblins
  7 jackals
  36 kobolds
  5 quokkas
  4 frilled lizards
  19 orc zombies (Bailey)
  25 rats
435 creatures vanquished.

Vanquished Creatures (others)
  2 plants
  A withered plant (D:10)
3 creatures vanquished.

Grand Total: 438 creatures vanquished

Notes
Turn   | Place    | Note
-------+----------+-------------------------------------------
     0 | D:1      | pkoi the Hill Orc Monk began the quest for the Orb.
     0 | D:1      | Reached XP level 1. HP: 19/19 MP: 1/1
   132 | D:1      | Reached XP level 2. HP: 25/27 MP: 2/2
   569 | D:2      | Reached skill level 4 in Long Blades
   598 | D:2      | Reached XP level 3. HP: 26/33 MP: 3/3
  1039 | D:2      | Noticed Robin
  1560 | D:2      | Killed Robin
  1561 | D:2      | Reached XP level 4. HP: 29/41 MP: 4/4
  1699 | D:2      | Noticed a necrophage
  1712 | D:2      | Killed a necrophage
  1713 | D:2      | Reached skill level 5 in Fighting
  1713 | D:2      | Reached skill level 5 in Long Blades
  1713 | D:2      | Reached XP level 5. HP: 38/48 MP: 5/5
  2493 | D:3      | Reached skill level 6 in Long Blades
  2676 | D:3      | Noticed Jessica
  2682 | D:3      | Killed Jessica
  2683 | D:3      | Reached XP level 6. HP: 56/56 MP: 6/6
  2838 | D:3      | Found a faded altar of an unknown god.
  2941 | D:3      | Identified the +10 flail "Curiuly" {flame, rCorr SInv}
  2968 | D:3      | Found a glowing drain.
  2981 | Sewer    | Entered a sewer
  3227 | Sewer    | Reached skill level 7 in Long Blades
  3283 | Sewer    | Reached XP level 7. HP: 23/63 MP: 7/7
  5129 | D:4      | Reached skill level 8 in Long Blades
  5845 | D:4      | Found the +7 Kryia's mail coat {PotionHeal*2 rC+}
  5984 | D:4      | Reached XP level 8. HP: 72/73 MP: 8/8
  6132 | D:4      | Noticed Sigmund
  6144 | D:4      | Killed Sigmund
  6145 | D:4      | Reached skill level 9 in Long Blades
  6268 | D:4      | Found a runed translucent door.
  6269 | D:4      | Noticed Crazy Yiuf
  6530 | D:4      | Killed Crazy Yiuf
  6597 | D:5      | Entered Level 5 of the Dungeon
  6734 | D:5      | Identified the +1 flail of Eternal War {protect, Dex+4}
  6932 | D:5      | Reached skill level 10 in Long Blades
  7178 | D:5      | Found a staircase to the Ecumenical Temple.
  7228 | D:5      | Noticed Pikel
  7260 | Temple   | Entered the Ecumenical Temple
  7271 | Temple   | Became a worshipper of Qazlal Stormbringer
  7271 | Temple   | Reached * piety under Qazlal
  7271 | Temple   | Reached ** piety under Qazlal
  7284 | D:5      | Killed Pikel
  7285 | D:5      | Reached XP level 9. HP: 58/82 MP: 8/11
  7889 | D:6      | Reached skill level 11 in Long Blades
  7942 | D:6      | Found an ancient bone altar of Kikubaaqudgha.
  7948 | D:6      | Found a blossoming altar of Fedhas.
  7950 | D:6      | Found a snail-covered altar of Cheibriados.
  7951 | D:6      | Found a hide-covered altar of Uskayaw.
  7992 | D:6      | Found a basalt altar of Yredelemnul.
  7993 | D:6      | Found a white marble altar of Elyvilon.
  7994 | D:6      | Found an opulent altar of Gozag.
  7994 | D:6      | Noticed Eustachio
  7997 | D:6      | Noticed Maggie
  8012 | D:6      | Killed Maggie
  8295 | D:5      | Killed Eustachio
  8296 | D:5      | Reached skill level 5 in Invocations
  9082 | D:6      | Noticed Prince Ribbit
  9485 | D:6      | Killed Prince Ribbit
  9486 | D:6      | Reached XP level 10. HP: 57/91 MP: 14/14
 10266 | D:7      | Reached skill level 12 in Long Blades
 10707 | D:7      | Found a runed translucent gate.
 10707 | D:7      | Found a runed translucent gate.
 10707 | D:7      | Found a runed translucent gate.
 10707 | D:7      | Noticed lonewolfV2's ghost (novice MiFi)
 10904 | D:7      | Found Lixerch's Magic Scroll Boutique.
 10958 | D:7      | Reached skill level 10 in Fighting
 11702 | D:8      | Noticed a gargoyle
 11932 | D:7      | Reached *** piety under Qazlal
 12531 | D:7      | Killed a gargoyle
 12778 | D:8      | Reached skill level 13 in Long Blades
 13291 | D:8      | Reached XP level 11. HP: 62/99 MP: 18/18
 13520 | D:8      | Found a staircase to the Lair.
 13615 | D:8      | Reached **** piety under Qazlal
 13616 | D:8      | Reached skill level 10 in Invocations
 14294 | D:8      | Noticed a deep elf pyromancer
 14491 | D:8      | Killed a deep elf pyromancer
 15108 | D:9      | Found a glowing golden altar of the Shining One.
 15134 | D:9      | Found a flagged portal.
 15155 | Bailey   | Entered a bailey
 15502 | Bailey   | Reached skill level 14 in Long Blades
 15820 | Bailey   | Found the +8 lance "Wyrmbane" {slay drac, rPois rF+ rC+
                  | AC+3}
 15829 | Bailey   | Identified the +6 fire dragon scales of Perfidy {rF++ rC-
                  | Dex+4}
 16243 | D:9      | Reached skill level 1 in Polearms
 16854 | D:9      | Found an ornate altar of the Wu Jian Council.
 16994 | D:10     | Entered Level 10 of the Dungeon
 17007 | D:10     | Noticed a cyclops
 17019 | D:10     | Killed a cyclops
 17020 | D:10     | Found Veica's Hydra Hut.
 17033 | D:10     | Noticed an eight-headed hydra
 17331 | D:10     | Identified a scroll of acquirement
 17335 | D:10     | Acquired the +4 buckler of Jomotu {rElec Str+3}
 17483 | D:10     | Found Suetu's General Store.
 17497 | D:10     | Reached skill level 1 in Shields
 18047 | D:10     | Reached skill level 5 in Polearms
 18047 | D:10     | Reached XP level 12. HP: 85/110 MP: 21/21
 18764 | D:9      | Reached ***** piety under Qazlal
 18831 | D:9      | Noticed a frost giant
 19131 | D:11     | Noticed a five-headed hydra
 19147 | D:11     | Killed a five-headed hydra
 19657 | D:11     | Noticed a boulder beetle
 19665 | D:11     | Killed a boulder beetle
 20193 | D:12     | Slain by a slime creature

Illustrated notes

Levels and vault maps discovered:
D:1:      erik_arrival_triangle_huge, layout_rooms
D:2:      layout_basic, uniq_robin
D:3:      layout_loops_corners, chequers_ecumenical_altar_island,
          portal_sewer_entry_a, hex_large, uniq_jessica
D:4:      layout_gridville, chequers_serial_rivers_small_3,
          uniq_crazy_yiuf_cottage, uniq_sigmund
D:5:      cheibrodos_iron_armory, layout_basic,
          minmay_temple_entry_antechambers, uniq_pikel
D:6:      layout_basic, grunt_temple_overflow_open, minivault_1,
          columned_hall_lemuel, hangedman_abyss_or_decor_stabs, uniq_maggie,
          uniq_prince_ribbit1, uniq_eustachio
D:7:      layout_cave_pods, serial_shops, nicolae_inconvenience_store,
          gammafunk_ghost_necromancy
D:8:      minmay_four_partial_circles, layout_cave_pools, lair_entry_dummy,
          serial_gnoll_camp, gnoll_camp_mini_house, gnoll_camp_huts_basic,
          gnoll_camp_medium_01, gnoll_camp_medium_02, gnoll_camp_mini_sergeant
D:9:      layout_basic, kennysheep_mini, nicolae_wu_jian_glorious_leap,
          enter_bailey_5, serial_corexii_hall, corexii_hall_statues_u,
          corexii_hall_statues_i, chequers_hall_statues_corner_a,
          corexii_hall_statues_t, corexii_hall_statues_l,
          corexii_hall_statues_u, st_stairs_12, wad_dig_loot
D:10:     layout_stronghold, serial_undead, serial_undead_f, serial_undead_c,
          serial_undead_f, serial_undead_e, serial_undead_e, serial_undead_e,
          serial_undead_d, serial_shops, nicolae_shop_crystal,
          doesnt_shop_hydraphobe
D:11:     layout_irregular_city, minivault_11
D:12:     layout_stronghold, orc_0_dummy, enter_trove_1, serial_shops, shop,
          onia_ninara_dug_in_and_dangerous, uniq_nergalle
Temple:   dshaligram_water_room_temple

Skill      XL: |  1  2  3  4  5  6  7  8  9 10 11 12 |
---------------+-------------------------------------+-----
Fighting       | 4 5 6 7 8 9 10 11 | 11.3
Long Blades    | 4 5 6 7 8 10 11 13 14 | 14.1
Invocations    | 2 6 9 12 13 | 13.0
Polearms       | 5 7 |  7.2
Shields        | 2 4 |  4.1
Dodging        | |  2.4
Stealth        | |  1.5

Action                   |  1- 3 |  4- 6 |  7- 9 | 10-12 || total
-------------------------+-------+-------+-------+-------++-------
Melee: Falchion          |    82 |    68 |       |   575 ||   725
       Flail             |       |    37 |   243 |    55 ||   335
       Punch             |       |     1 |     1 |     7 ||     9
       Lance             |       |       |       |   351 ||   351
Invok: Upheaval          |       |       |       |    12 ||    12
  Use: Scroll            |     2 |     5 |     4 |    15 ||    26
       Potion            |       |     1 |     3 |     1 ||     5
 Stab: Sleeping          |     8 |     1 |     2 |       ||    11
       Invisible         |       |       |     1 |       ||     1
Armor: Robe              |    15 |    39 |    29 |       ||    83
       Skin              |       |     2 |       |       ||     2
       Scale mail        |       |       |   148 |   453 ||   601
       Fire dragon scale |       |       |       |     1 ||     1
Dodge: Dodged            |    47 |   104 |   195 |   379 ||   725
       Repelled          |       |       |       |     4 ||     4
Block: Other             |       |       |    12 |   138 ||   150
       Buckler           |       |       |       |   190 ||   190
